 Dungeon Crawl Stone Soup version 0.29-a0-397-g846e4a0bbc (webtiles) character file.

Game seed: 7552845458700304093

605 101zpm the Magician (level 7, -18/45 HPs)
             Began as a Djinni Fire Elementalist on May 11, 2022.
             Was an Initiate of Hepliaklqana.
             Killed from afar by a gargoyle (20 damage)
             ... with a stone arrow
             ... on level 5 of the Dungeon.
             The game lasted 00:08:33 (6914 turns).

101zpm the Magician (Djinni Fire Elementalist)      Turns: 6914, Time: 00:08:33

Health: -18/45     AC:  2    Str:  7    XL:     7   Next: 70%
Gold:   185        EV: 12    Int: 19    God:    Hepliaklqana [......] SH:  5 Dex: 13

rFire   + + .      SeeInvis .   o - +1 short sword (elec)
rCold   x . .      Faith    .   n - orb {mayhem}
rNeg    . . .      Spirit   .   a - +0 robe
rPois   ∞          Reflect  +   (no helmet)
rElec   .          Harm     .   (no cloak)
rCorr   .          Rampage  .   (no gloves)
Will    .....                   (boots unavailable)
Stlth   ++........              g - amulet of reflection
HPRegen 0.15/turn               (no ring)
MPRegen 0.00/turn               (no ring)

@: flying
A: sickness immunity, fire resistance 2, cold vulnerability 1, float, innate
caster, HP casting, extra vitality 1
a: Renounce Religion


You were on level 5 of the Dungeon.
You worshipped Hepliaklqana.
Hepliaklqana was noncommittal.
You visited 2 branches of the dungeon, and saw 6 of its levels.

You collected 185 gold pieces.

Inventory:

Hand Weapons
 o - a +1 short sword of electrocution (weapon)
Missiles
 l - a throwing net
Armour
 a - a +0 robe (worn)
 n - an orb of mayhem (worn)
Jewellery
 g - an amulet of reflection (around neck)
Scrolls
 b - 4 scrolls of identify {unknown}
 c - 3 scrolls of immolation {unknown}
 d - a scroll of vulnerability {unknown}
 e - a scroll of blinking {unknown}
 i - 2 scrolls of teleportation {unknown}
 p - a scroll of enchant armour {unknown}
 q - 3 scrolls of fog {unknown}
 t - a scroll of noise {unknown}
 u - a scroll of enchant weapon {unknown}
 v - a scroll of summoning {unknown}
Potions
 f - 3 potions of curing {unknown}
 h - a potion of brilliance {unknown}
 j - 5 potions of mutation {unknown}
 k - a potion of might {unknown}
 m - 2 potions of heal wounds {unknown}
 r - a potion of invisibility {unknown}
 s - 2 potions of flight {unknown}


   Skills:
 + Level 2.3 Dodging
 + Level 2.5 Stealth
 + Level 0.2 Shields
 + Level 6.1 Spellcasting


You couldn't memorise any spells.
You knew the following spells:

 Your Spells              Type           Power      Damage    Failure   Level
a - Foxfire               Conj/Fire      100%       2x1d9     1%          1
b - Scorch                Fire           58%        2d8       1%          2
c - Conjure Flame         Conj/Fire      29%        6-21      2%          3
d - Inner Flame           Hex/Fire       29%        N/A       2%          3
e - Flame Wave            Conj/Fire      29%        2d8       9%          4
f - Beastly Appendage     Tmut           58%        N/A       1%          1
g - Searing Ray           Conj           58%        2d6       1%          2
h - Vampiric Draining     Necr           29%        2d8       2%          3
Your spell library was empty.

Dungeon Overview and Level Annotations

Branches:
Dungeon (5/15)             Temple (1/1) D:4

Altars:
Cheibriados
Dithmenos
Elyvilon
Fedhas
Gozag
Hepliaklqana
Kikubaaqudgha
Makhleb
Okawaru
Qazlal
Sif Muna
Vehumet
Wu Jian
Xom
Yredelemnul
Zin
The Shining One


Innate Abilities, Weirdness & Mutations

You are immune to sickness and miasma.
You are immune to poison.
Your flesh is very heat resistant. (rF++)
You are vulnerable to cold. (rC-)
You float through the air rather than walking.
You learn spells naturally, not from books.
Your magical power is your life essence.
You have superior vitality. (+4 MHP)


Message History

Press: ? - help, Q - select action, (/) - cycle Dir - look around, f - activate You conjure some foxfire!
Casting: Foxfire (safe; 1% risk of failure)
Press: ? - help, Q - select action, (/) - cycle Dir - look around, f - activate You conjure some foxfire!
The foxfire hits the scorpion.
Flame seeps out of the scorpion.
The scorpion is moderately wounded.
The scorpion is engulfed in blazing flames.
Flame seeps out of the scorpion.
The foxfire hits the scorpion.
Flame seeps out of the scorpion.
The scorpion is almost dead.
The scorpion is engulfed in blazing flames.
The scorpion explodes!
Your foxfire dissipates! x2
A gargoyle comes into view. It is wielding a +0 flail.
Casting: Foxfire (safe; 1% risk of failure)
Confirm with . or Enter, or press ? or * to list all spells.
Aiming: Inner Flame (dangerous; 2% risk of failure)
Press: ? - help, Dir - move target, f - gargoyle
Aim: a gargoyle, wielding a +0 flail (wandering, hasn't noticed you, chance to affect: 70%)
The gargoyle is filled with an inner flame.
Casting: Foxfire (safe; 1% risk of failure)
Press: ? - help, Q - select action, (/) - cycle Dir - look around, f - activate You conjure some foxfire!
Casting: Foxfire (safe; 1% risk of failure)
Press: ? - help, Q - select action, (/) - cycle Dir - look around, f - activate You conjure some foxfire!
The foxfire hits the gargoyle but does no damage.
Casting: Foxfire (safe; 1% risk of failure)
Confirm with . or Enter, or press ? or * to list all spells.
Flames lash the gargoyle but do no damage.
The foxfire hits the gargoyle but does no damage. x2
The gargoyle hurls a stone arrow at you.
The stone arrow hits you!!
Ouch! That really hurt!
* * * LOW HITPOINT WARNING * * *
Your foxfire dissipates!
The gargoyle hurls a stone arrow at you.
The stone arrow hits you!!
You die...

#..### ##.
#9..######## #.
#.......... ##
##.####^####.## ##9#
#.## ##..# #..# ##...#
#... ##....# ...^..#
##@....# ...#.##
#......# .. #.##
##......# #.##
#.......#########..#
....................
............###......
#...........###.......
#..###......##........
#####.#...#......


You could see a gargoyle (inner flame).

Vanquished Creatures
  A water moccasin (D:5)
  A black bear (D:5)
  A necrophage (D:4)
  2 scorpions (D:5)
  2 iguanas
  9 adders
  3 dart slugs
  5 worms
  4 orcs
  4 bats
  8 endoplasms
  4 giant cockroaches
  5 goblins
  6 hobgoblins
  11 jackals
  4 quokkas
  2 ball pythons (D:1)
  4 frilled lizards
  6 kobolds
  3 rats (D:3)
85 creatures vanquished.

Vanquished Creatures (others)
  492 foxfires
492 creatures vanquished.

Grand Total: 577 creatures vanquished

Notes
Turn   | Place    | Note
-------+----------+-------------------------------------------
     0 | D:1      | 101zpm the Djinni Fire Elementalist began the quest for the
                  | Orb.
     0 | D:1      | Reached XP level 1. HP: 15/15 MP: 0/0
   508 | D:1      | Reached XP level 2. HP: 15/21 MP: 0/0
  1391 | D:1      | Reached skill level 3 in Spellcasting
  1470 | D:1      | Reached XP level 3. HP: 18/25 MP: 0/0
  1470 | D:1      | Learned a level 1 spell: Beastly Appendage
  2871 | D:2      | Reached XP level 4. HP: 26/31 MP: 0/0
  4272 | D:3      | Reached skill level 4 in Spellcasting
  4314 | D:3      | Reached XP level 5. HP: 26/35 MP: 0/0
  4314 | D:3      | Learned a level 2 spell: Searing Ray
  5629 | D:4      | Reached XP level 6. HP: 31/40 MP: 0/0
  5817 | D:4      | Found a staircase to the Ecumenical Temple.
  5854 | Temple   | Entered the Ecumenical Temple
  5936 | Temple   | Became a worshipper of Hepliaklqana the Forgotten
  5969 | D:5      | Entered Level 5 of the Dungeon
  6096 | D:5      | Noticed a black bear
  6100 | D:5      | Killed a black bear
  6101 | D:5      | Reached skill level 5 in Spellcasting
  6179 | D:5      | Noticed a black bear
  6183 | D:5      | HP: 1/40 [cloud of flame (8)]
  6675 | D:5      | Found a shadowy altar of Dithmenos.
  6749 | D:5      | Noticed a water moccasin
  6753 | D:5      | Killed a water moccasin
  6754 | D:5      | Reached XP level 7. HP: 37/45 MP: 0/0
  6754 | D:5      | Learned a level 3 spell: Vampiric Draining
  6770 | D:5      | Reached skill level 6 in Spellcasting
  6904 | D:5      | Noticed a gargoyle
  6909 | D:5      | HP: 2/45 [gargoyle/stone arrow (25)]
  6914 | D:5      | Killed from afar by a gargoyle

Illustrated notes

Levels and vault maps discovered:
D:1:      dpeg_arrival_orchard, layout_basic, st_stairs_12
D:2:      layout_rooms
D:3:      layout_basic, lightli_sewer_entry_pipes
D:4:      minmay_razor_zed, layout_cave_pools, minmay_temple_entry_ruins,
          minmay_manual_monolith
D:5:      layout_cave_pods, lemuel_tele_altar,
          mainiacjoe_overflow_surrounded_room, nzn_random_ring
Temple:   nicolae_temple_x_marks_the_god

Skill      XL: |  1  2  3  4  5  6  7 |
---------------+----------------------+-----
Spellcasting   | 3 4 5 6 |  6.1
Stealth        | 2 |  2.5
Dodging        | |  2.3
Shields        | |  0.2

Action                   |  1- 3 |  4- 6 |  7- 9 || total
-------------------------+-------+-------+-------++-------
Melee: Short sword       |       |     1 |       ||     1
 Cast: Foxfire           |   135 |   154 |    10 ||   299
       Scorch            |     6 |    19 |     3 ||    28
       Inner Flame       |       |     9 |     6 ||    15
Armor: Robe              |     4 |     3 |       ||     7
Dodge: Dodged            |     6 |     2 |       ||     8
Block: Orb               |       |     2 |       ||     2
       Reflection        |       |     1 |       ||     1

Table legend: (Time is in decaauts)
 A = Elapsed time spent in this place.
 B = Non-inter-level travel time spent in this place.
 C = Inter-level travel time spent in this place.
 D = Time resting spent in this place.
 E = Time spent auto-exploring this place.
 F = Levels seen in this place.
 G = Mean time per level.
                   A        B        C        D        E       F      G
               +--------+--------+--------+--------+--------+-----+--------+
         Total |   6913 |   6616 |    297 |    251 |   5749 |   6 | 1152.2 |
       Dungeon |   6825 |   6547 |    278 |    251 |   5684 |   5 | 1365.0 |
        Temple |     88 |     70 |     18 |      0 |     65 |   1 |   88.0 |
               +--------+--------+--------+--------+--------+-----+--------+

Top non-repeatable levels by time:
     D:1: 2170 daAuts
     D:3: 1915 daAuts
     D:2: 1383 daAuts
     D:5: 944 daAuts
     D:4: 411 daAuts
  Temple: 88 daAuts
